 Dungeon Crawl Stone Soup version 0.27.0-1-g7a089689b8 (webtiles) character file.

Game seed: 2498861888122622761

1526 Raspi the Cutter (level 9, -1/76 (79) HPs)
             Began as a Kobold Warper on Aug 15, 2021.
             Slain by a wight (4 damage)
             ... on level 6 of the Dungeon.
             The game lasted 00:22:57 (9162 turns).

Raspi the Cutter (Kobold Warper)                    Turns: 9162, Time: 00:22:57

HP:   -1/76 (79)    AC: 24    Str: 10    XL:     9   Next: 10%
MP:   14/14         EV:  3    Int: 14    God:
Gold: 304           SH:  0    Dex: 16    Spells: 10/15 levels left

rFire    . . .     SeeInvis .   a - +2 short sword (venom)
rCold    . . .     Faith    .   (shield restricted)
rNeg     + + +     Spirit   .   (armour currently unavailable)
rPois    +         Reflect  .   (helmet currently unavailable)
rElec    .         Harm     .   (cloak currently unavailable)
rCorr    .         Rampage  .   (gloves currently unavailable)
Will     .....     NoTele   +   (boots currently unavailable)
Stlth    ++++......             (no amulet)
HPRegen  0.22/turn              g - ring of poison resistance
MPRegen  0.14/turn              (no ring)

@: tree-form, lightly drained
A: stationary, stasis, torment immunity, boosted hp, small, no large weapons,
nightstalker 3
a: no special abilities


You were on level 6 of the Dungeon.
You were a tree.
You visited 1 branch of the dungeon, and saw 7 of its levels.

You collected 304 gold pieces.

Inventory:

Hand Weapons
 a - a +2 short sword of venom (weapon)
 b - a +5 hunting sling of flaming
 j - a +0 whip of draining
 q - a +0 short sword
Missiles
 d - 5 boomerangs of dispersal (quivered)
 e - 46 sling bullets
 h - 41 poisoned darts
Armour
 c - a +0 leather armour
 z - a +0 pair of boots (melded)
 B - a +0 ring mail (melded)
Jewellery
 g - a ring of poison resistance (left branch)
 n - a ring of flight
 s - an amulet of faith
Wands
 f - a wand of digging (5)
 l - a wand of polymorph (5)
 m - a wand of paralysis (5)
 r - a wand of flame (17)
Scrolls
 i - a scroll of amnesia {unknown}
 t - a scroll of fog
 w - a scroll of enchant armour {unknown}
 x - 3 scrolls of magic mapping
 y - a scroll of enchant weapon {unknown}
Potions
 k - a potion of resistance
 p - 2 potions of curing {unknown}
 u - a potion of invisibility {unknown}
 v - a potion of ambrosia {unknown}
 A - 2 potions of mutation {unknown}


   Skills:
 + Level 4.9 Fighting
 + Level 6.5 Short Blades
 - Level 5.0(5.1) Slings
 - Level 1.1(3.6) Throwing
 * Level 1.1 Armour
 - Level 2.4 Dodging
 + Level 6.0 Stealth
 - Level 3.7 Spellcasting
 + Level 5.2 Translocations


You had 10 spell levels left.
You knew the following spells:

 Your Spells              Type           Power      Damage    Failure   Level
a - Blink                 Tloc           N/A        N/A       3%          2
b - Teleport Other        Tloc           17%        N/A       7%          3

Your spell library contained the following spells:

 Spells                   Type           Power      Damage    Failure   Level
 Gell's Gravitas          Tloc           8%         N/A       7%          3
 Lesser Beckoning         Tloc           8%         N/A       7%          3
 Magic Dart               Conj           8%         1d3       21%         1
 Call Imp                 Summ           2%         N/A       30%         2
 Sublimation of Blood     Necr           1%         N/A       30%         2
 Wereblood                Tmut           2%         N/A       30%         2
 Mephitic Cloud           Conj/Pois/Air  2%         N/A       52%         3
 Manifold Assault         Tloc           17%        N/A       54%         5
 Cause Fear               Hex            1%         N/A       89%         4
 Summon Lightning Spire   Summ/Air       2%         N/A       89%         4
 Dragon Form              Tmut           1%         N/A       100%        7
 Storm Form               Tmut/Air       1%         N/A       100%        7
 Summon Hydra             Summ           1%         N/A       100%        7
 Maxwell's Capacitive Co  Air            1%         ∞         100%        8
 Dragon's Call            Summ           1%         N/A       100%        9


Dungeon Overview and Level Annotations

Branches:
Dungeon (7/15)
 Temple: D:4-7

Altars:

Shops:
D:3 (

Annotations:
D:2 1 runed translucent door, Crazy Yiuf
D:5 Pikel, Sigmund


Innate Abilities, Weirdness & Mutations

You are a tree.
Your roots penetrate the ground, keeping you stationary.
You cannot be teleported.
You are immune to unholy pain and torment.
Your maximum health is greatly increased.
Your equipment is partially melded.
You are small and have problems with some larger weapons.
You are completely attuned to the shadows.


Message History

The wight hits you but does no damage.
You hit the wight.
The wight is moderately damaged.
You hit the wight but do no damage.
The wight is moderately damaged.
The wight barely misses you.
You hit the wight but do no damage.
The wight is moderately damaged.
The wight hits you with a +2 scimitar of protection.
* * * LOW HITPOINT WARNING * * *
You closely miss the wight.
The wight is moderately damaged.
The wight hits you but does no damage.
You hit the wight.
The wight is heavily damaged.
You closely miss the wight.
The wight is heavily damaged.
The wight hits you but does no damage.
You completely miss the wight.
The wight is heavily damaged.
The wight hits you with a +2 scimitar of protection!
* * * LOW HITPOINT WARNING * * *
You hit the wight but do no damage.
The wight is heavily damaged.
The wight hits you but does no damage.
You hit the wight but do no damage.
The wight is heavily damaged.
The wight barely misses you.
You hit the wight but do no damage.
The wight is heavily damaged.
You closely miss the wight.
The wight is heavily damaged.
The wight hits you but does no damage.
You hit the wight but do no damage.
The wight is heavily damaged.
The wight barely misses you.
You hit the wight but do no damage.
The wight is heavily damaged.
The wight hits you with a +2 scimitar of protection.
You die...

##############
.............######
..#######.......♣.#
#..###....##.####z#
##..............#[# #####
#.............#.#.# #...#
..#..#.####...#.#.# #(#.#
.#.....####...#.#.# ####.#.####
................#.#####....#.....
......#.......###.......#######.#
....)....#.................#..†.#


You could see a wight.

Vanquished Creatures
  Prince Ribbit (D:6)
  4 water moccasins (D:6)
  An ice beast (D:5)
  A black bear (D:6)
  An ogre (D:5)
  3 lemures (D:4)
  3 scorpions
  2 wights
  A bullfrog zombie (D:6)
  A hound (D:2)
  An orc priest (D:6)
  A centaur skeleton (D:6)
  A gnoll shaman (D:5)
  An orc wizard (D:4)
  3 gnolls (D:5)
  9 adders
  A shadow imp (D:6)
  A white imp (D:6)
  A dart slug (D:2)
  10 orcs
  7 endoplasms
  3 giant cockroaches
  9 goblins
  6 hobgoblins
  9 jackals
  3 kobolds
  6 quokkas
  6 ball pythons
  6 bats
  4 frilled lizards
  4 rats
110 creatures vanquished.

Notes
Turn   | Place    | Note
-------+----------+-------------------------------------------
     0 | D:1      | Raspi the Kobold Warper began the quest for the Orb.
     0 | D:1      | Reached XP level 1. HP: 12/12 MP: 3/3
   172 | D:1      | Reached skill level 1 in Stealth
   172 | D:1      | Reached XP level 2. HP: 10/18 MP: 5/5
  1114 | D:1      | Learned a level 2 spell: Blink
  1304 | D:2      | Reached XP level 3. HP: 22/22 MP: 6/6
  1733 | D:2      | Reached XP level 4. HP: 18/27 MP: 6/8
  2370 | D:2      | Found a runed translucent door.
  2373 | D:2      | Noticed Crazy Yiuf
  3386 | D:3      | Found Are Hidi's Weapon Shoppe.
  3492 | D:3      | Found a faded altar of an unknown god.
  3718 | D:3      | Reached XP level 5. HP: 32/32 MP: 9/9
  4367 | D:3      | Identified a scroll of acquirement
  4367 | D:3      | Acquired a +5 hunting sling of flaming
  5393 | D:4      | Reached skill level 1 in Slings
  5393 | D:4      | Reached XP level 6. HP: 37/37 MP: 10/10
  5750 | D:5      | Entered Level 5 of the Dungeon
  5850 | D:5      | Noticed an ogre
  6127 | D:5      | Killed an ogre
  6128 | D:5      | Reached XP level 7. HP: 41/41 MP: 10/12
  6151 | D:5      | Reached skill level 5 in Short Blades
  6163 | D:5      | Noticed Sigmund
  6336 | D:6      | Noticed Prince Ribbit
  6342 | D:6      | Killed Prince Ribbit
  6740 | D:5      | Noticed Pikel
  7512 | D:5      | Learned a level 3 spell: Teleport Other
  7557 | D:5      | Reached XP level 8. HP: 7/48 MP: 13/13
  8104 | D:6      | Reached skill level 5 in Stealth
  8284 | D:6      | Reached skill level 5 in Translocations
  8604 | D:6      | Reached XP level 9. HP: 40/53 MP: 14/14
  8728 | D:6      | Reached skill level 5 in Slings
  8987 | D:7      | Reached skill level 1 in Armour
  9156 | D:6      | HP: 2/76 [wight (7)]
  9162 | D:6      | Slain by a wight

Illustrated notes

Levels and vault maps discovered:
D:1:      scummos_arrival_star, layout_rooms
D:2:      layout_basic, serial_curves, eino_curves_04, eino_curves_03,
          uniq_crazy_yiuf_cottage
D:3:      layout_basic, serial_shops, shop, ebering_ecumenical_altar_petrified
D:4:      layout_basic, lemuel_tele_altar
D:5:      layout_rooms, chequers_mini_garden, uniq_pikel, uniq_sigmund
D:6:      layout_loops_ring, uniq_prince_ribbit1
D:7:      layout_cave_pools, minmay_temple_entry_tees

Skill      XL: |  1  2  3  4  5  6  7  8  9 |
---------------+----------------------------+-----
Stealth        | 1 2 3 4 5 6 |  6.0
Short Blades   | 3 4 5 6 |  6.5
Spellcasting   | 3 |  3.7
Fighting       | 3 4 |  4.9
Slings         | 1 2 3 4 5 |  5.0
Translocations | 4 5 |  5.2
Armour         | 1 |  1.1
Throwing       | |  1.1
Dodging        | |  2.4

Action                   |  1- 3 |  4- 6 |  7- 9 || total
-------------------------+-------+-------+-------++-------
Melee: Short sword       |   118 |   173 |   185 ||   476
 Fire: Hunting sling     |       |    10 |     8 ||    18
 Cast: Blink             |     1 |     1 |     1 ||     3
  Use: Scroll            |     1 |     7 |     2 ||    10
       Potion            |       |     2 |     1 ||     3
 Stab: Sleeping          |     1 |    21 |     7 ||    29
       Distracted        |       |       |     2 ||     2
Armor: Leather armour    |    15 |    20 |    17 ||    52
       Ring mail         |       |       |     4 ||     4
       Skin              |       |       |     5 ||     5
Dodge: Dodged            |    95 |   115 |   103 ||   313
